 Dungeon Crawl Stone Soup version 0.30.0 (webtiles) character file.

Game seed: 14557087102967751383

466 Dani the Shooter (level 7, -1/41 HPs)
             Began as a Barachi Enchanter on May 21, 2023.
             Was an Initiate of Okawaru.
             Slain by an ufetubus (5 damage)
             ... on level 5 of the Dungeon.
             The game lasted 00:07:59 (3445 turns).

Dani the Shooter (Barachi Enchanter)                Turns: 3445, Time: 00:08:00

Health: -1/41      AC: -4    Str: 10    XL:     7   Next: 8%
Magic:  10/10      EV:  8    Int: 15    God:    Okawaru [......]
Gold:   188        SH:  0    Dex: 11    Spells: 10/10 levels left

rFire   . . .        l - +3 dagger (venom)
rCold   . . .        (no shield)
rNeg    . . .        q - +2 scale mail of Tineho {rPois Dex-3 SInv}
rPois   +            e - +1 helmet
rElec   .            (no cloak)
rCorr   .            (no gloves)
SInv    +            (no boots)
Will    .....        (no amulet)
Stlth   +            (no ring)
HPRegen 0.26/turn    (no ring)
MPRegen 0.12/turn

%: clarity
@: corroded, slow
A: amphibious, slowness 1, strong legs 1, +LOS, iridescent scales 1, clarity,
frail 1
a: Hop, Renounce Religion


You were on level 5 of the Dungeon.
You worshipped Okawaru.
Okawaru was noncommittal.
You visited 2 branches of the dungeon, and saw 6 of its levels.
You also visited: Sewer.

You collected 188 gold pieces.

Inventory:

Hand Weapons
 a - a +1 dagger
 l - a +3 dagger of venom (weapon)
   (You took it off a kobold on level 1 of the Dungeon)
Missiles
 g - 8 curare-tipped darts
 m - 21 poisoned darts
 Z - a throwing net
Armour
 b - a +0 robe
 e - a +1 helmet (worn)
   (You found it on level 1 of the Dungeon)
 q - the +2 scale mail of Tineho (worn) {rPois Dex-3 SInv}
   (You found it on level 1 of the Dungeon)

   Dex:       It affects your dexterity (-3).
   rPois:     It protects you from poison.
   SInv:      It lets you see invisible.
Jewellery
 f - a ring of protection from fire
   (You found it on level 1 of the Dungeon)
Wands
 D - a wand of digging (2)
   (You found it on level 3 of the Dungeon)
Scrolls
 h - 4 scrolls of vulnerability
 p - a scroll of enchant armour
 s - 2 scrolls of poison
 B - 2 scrolls of blinking
 M - a scroll of magic mapping
Potions
 c - 2 potions of invisibility
 d - 2 potions of heal wounds
 i - 3 potions of flight
 j - 2 potions of lignification
 n - a potion of brilliance
 o - a potion of attraction
 r - a potion of might
 y - a potion of degeneration
 Q - 6 potions of curing {@q1}


   Skills:
 - Level 1.1 Short Blades
 + Level 7.0 Ranged Weapons
 - Level 2.1 Dodging
 - Level 2.6 Stealth
 - Level 2.1 Spellcasting
 - Level 3.2 Hexes


You had 10 spell levels left.
You didn't know any spells.
Your spell library contained the following spells:

 Spells                   Type           Power      Damage    Failure   Level
 Ensorcelled Hibernation  Hex/Ice        12%        N/A       77%         2
 Confusing Touch          Hex            11%        N/A       77%         3
 Dazzling Flash           Conj/Hex       12%        N/A       94%         3
 Ozocubu's Armour         Ice            1%         N/A       99%         3
 Leda's Liquefaction      Hex/Erth       3%         N/A       100%        4
 Lee's Rapid Deconstruct  Erth           0%         3d4*      100%        5
 Statue Form              Tmut/Erth      0%         N/A       100%        6
 Ozocubu's Refrigeration  Ice            0%         4d7       100%        7
 Tukima's Dance           Hex            Unusable   N/A       N/A         3
 Summon Small Mammal      Summ           Unusable   N/A       N/A         1
 Summon Guardian Golem    Hex/Summ       Unusable   N/A       N/A         3
 Call Canine Familiar     Summ           Unusable   N/A       N/A         3

Dungeon Overview and Level Annotations

Branches:
Dungeon (5/15)             Temple (1/1) D:4           Sewer (visited)

Altars:
Ashenzari
Cheibriados
Dithmenos
Elyvilon
Gozag
Hepliaklqana
Makhleb
Okawaru
Qazlal
Ru
Sif Muna
Uskayaw
Wu Jian
Xom
Yredelemnul
Zin
The Shining One

Shops:
D:2 =*?


Innate Abilities, Weirdness & Mutations

You are amphibious.
You cover ground slowly.
You can hop short distances.
You have an extended range of vision and can be seen from far away.
You are partially covered in iridescent scales. (AC +2)
You possess an exceptional clarity of mind.
You are frail. (-10% HP)


Message History

Things that are here:
a +0 short sword; a kobold corpse Key pressed, stopping explore.
Found a glowing silver altar of Zin.
i - 2 potions of flight (gained 1)
Q - 6 potions of curing {@q1} (gained 2)
i - 3 potions of flight (gained 1)
d - 2 potions of heal wounds (gained 1)
You enter the shallow water.
You see here a +0 dagger.
Things that are here:
a +0 short sword; a stone You enter the shallow water.
Done exploring.
Okay, then.
As you read the scroll labelled VEUPAGAODO, it crumbles to dust.
It is a scroll of identify.
j - 2 potions of lignification
There is a gate leading back out of this place here.
Welcome back to the Dungeon!
There is a collapsed entrance here.
You enter the shallow water.
Key pressed, stopping explore.
You enter the shallow water.
Key pressed, stopping explore.
Key pressed, stopping explore.
h - 4 scrolls of vulnerability (gained 3) Key pressed, stopping explore.
Key pressed, stopping explore.
g - 8 curare-tipped darts (gained 6)
k - a scroll labelled DIASENOEVI An ufetubus comes into view.
Found 2 scrolls of identify.
Found a stone staircase leading down.
An ufetubus is nearby!
An ufetubus is nearby!
An ufetubus is nearby!
As you read the scroll labelled DIASENOEVI, it crumbles to dust.
You assume a fearsome visage.
The ufetubus looks frightened!
It was a scroll of fear.
An ufetubus is nearby!
Key pressed, stopping explore.
No target in view!
A jelly comes into view.
The jelly quivers.
A jelly is nearby!
The jelly hits you but does no damage.
You see here 2 scrolls of identify {@r1}.
A jelly is nearby!
You hit the jelly. The acid corrodes you!
Your hands burn!
The jelly is lightly wounded.
The jelly hits you but does no damage.
A jelly is nearby!
You hit the jelly.
Your hands burn!
The jelly is heavily wounded.
The jelly hits you.
You are splashed with acid!
* * * LOW HITPOINT WARNING * * *
You hit the jelly but do no damage.
The jelly is poisoned.
Your hands burn!
* * * LOW HITPOINT WARNING * * *
The jelly is heavily wounded.
The jelly hits you but does no damage.
A jelly is nearby!
You hit the jelly but do no damage.
Your hands burn!
* * * LOW HITPOINT WARNING * * *
The jelly is heavily wounded.
The jelly barely misses you.
There are monsters nearby!
You hit the jelly.
Your hands burn!
* * * LOW HITPOINT WARNING * * *
The jelly is severely wounded.
The jelly hits you but does no damage.
There are monsters nearby!
You hit the jelly. The acid corrodes you!
Your hands burn!
* * * LOW HITPOINT WARNING * * *
The jelly is almost dead.
The jelly hits you but does no damage.
You are too injured to fight recklessly!
You are too injured to fight recklessly!
You are too injured to fight recklessly!
You hit the jelly but do no damage. The acid corrodes you!
Your hands burn!
* * * LOW HITPOINT WARNING * * *
The jelly is almost dead.
The jelly hits you.
* * * LOW HITPOINT WARNING * * *
The acid corrodes you!
You are splashed with acid.
* * * LOW HITPOINT WARNING * * *
Blink to where?
Press: ? - help, Dir - move target
As you read the scroll of blinking, it crumbles to dust.
Okawaru accepts your kill.
You feel a bit more experienced.
Your Ranged Weapons skill increases to level 7!
The ufetubus hits you.
* * * LOW HITPOINT WARNING * * *
The ufetubus barely misses you.
You hit the ufetubus but do no damage. The ufetubus hits you.
* * * LOW HITPOINT WARNING * * *
The ufetubus hits you.
* * * LOW HITPOINT WARNING * * *
You closely miss the ufetubus. The ufetubus hits you.
You die...

#. #.# ..# ##.. #. #.# ####
#.###..# #. #.# #.. #.##...~
#. #.# ... #.##.#~~ #. #.#
#.###### #.##..~~ #. #.#
#.#....# #.....~~ #.
#.###.####.###########..~~
#.##......................#~~
#......#...5@.###########...~
#.......#...### ...#####..#
####......#...# ..+.......
#.........##### ..###.....
#.########## ...+.....
#..........## ..##.....
##..........#### #.#....##
#.......>.....# #.#.##.#
#.............##### #.#.##.#


You could see an ufetubus.

Vanquished Creatures
  A black bear (D:4)
  2 kobold brigands (Sewer)
  A jelly (D:5)
  An orc wizard (D:4)
  7 adders
  A river rat (Sewer)
  2 worms
  2 dart slugs (D:1)
  6 orcs
  10 ball pythons
  A bat (D:2)
  6 endoplasms
  A giant cockroach (D:2)
  6 goblins
  6 hobgoblins
  12 jackals
  5 quokkas
  4 frilled lizards
  13 kobolds
  8 rats
95 creatures vanquished.

Notes
Turn   | Place    | Note
-------+----------+-------------------------------------------
     0 | D:1      | Dani the Barachi Enchanter began the quest for the Orb.
     0 | D:1      | Reached XP level 1. HP: 13/13 MP: 3/3
    96 | D:1      | Reached skill level 1 in Ranged Weapons
   101 | D:1      | Reached XP level 2. HP: 14/19 MP: 5/5
   145 | D:1      | Reached skill level 2 in Ranged Weapons
   367 | D:1      | Reached XP level 3. HP: 20/24 MP: 6/6
   931 | D:2      | Reached skill level 3 in Ranged Weapons
   951 | D:2      | Found Wihiw's General Store.
  1023 | D:2      | Reached XP level 4. HP: 21/30 MP: 7/7
  1156 | D:2      | Identified the +3 whip "Iphue" {chaos, Str+6}
  1286 | D:2      | Found a shimmering altar of Xom.
  1365 | D:2      | Found Wiguriha's Magic Scroll Boutique.
  1679 | D:1      | Identified the +2 scale mail of Tineho {rPois Dex-3 SInv}
  1766 | D:2      | Found Rusurinn's Jewellery Shoppe.
  1960 | D:3      | Reached skill level 4 in Ranged Weapons
  2036 | D:3      | Found a sacrificial altar of Ru.
  2099 | D:3      | Found a glowing silver altar of Zin.
  2209 | D:3      | Gained mutation: You possess an exceptional clarity of
                  | mind. [potion of mutation]
  2209 | D:3      | Gained mutation: You are frail. (-10% HP) [potion of
                  | mutation]
  2209 | D:3      | Gained mutation: You are partially covered in iridescent
                  | scales. (AC +2) [potion of mutation]
  2503 | D:4      | Noticed a black bear
  2517 | D:4      | Killed a black bear
  2518 | D:4      | Reached skill level 5 in Ranged Weapons
  2518 | D:4      | Reached XP level 5. HP: 30/31 MP: 8/8
  2646 | D:4      | Reached XP level 6. HP: 36/36 MP: 9/9
  2807 | D:4      | HP: 9/36 [orc/+0 war axe (8)]
  2808 | D:4      | HP: 3/36 [orc/+0 war axe (7)]
  2809 | D:4      | HP: 1/36 [orc/+0 dagger (2)]
  3036 | D:4      | Found a staircase to the Ecumenical Temple.
  3042 | Temple   | Entered the Ecumenical Temple
  3049 | Temple   | Became a worshipper of Warmaster Okawaru
  3091 | D:5      | Entered Level 5 of the Dungeon
  3110 | D:5      | Reached skill level 6 in Ranged Weapons
  3113 | D:5      | Found a glowing drain.
  3125 | Sewer    | Entered a sewer
  3216 | Sewer    | Reached XP level 7. HP: 18/41 MP: 10/10
  3316 | Sewer    | Found a glowing silver altar of Zin.
  3429 | D:5      | HP: 7/41 [acid (6)]
  3433 | D:5      | Reached skill level 7 in Ranged Weapons
  3443 | D:5      | HP: 8/41 [ufetubus (3)]
  3445 | D:5      | Slain by an ufetubus

Illustrated notes

Levels and vault maps discovered:
D:1:      saegor_arrival_simple_d, layout_loops_ring, kennysheep_small_spiral,
          item_on_display_a
D:2:      layout_rooms, serial_shops, nicolae_shop_getting_attention, shop,
          nicolae_shop_back_alley_shop, basic_altar,
          chequers_serial_rivers_micro_b
D:3:      layout_basic, lemuel_round_altar, mainiacjoe_overflow_brackets,
          minmay_unequal
D:4:      layout_rooms, minmay_temple_entry_enclosed_plants, due_unseen_surprise
D:5:      layout_basic, gammafunk_ghost_necromancy, cheibrodos_sewer_entry_drain
Temple:   nicolae_temple_no_exploring_needed

Skill      XL: |  1  2  3  4  5  6  7 |
---------------+----------------------+-----
Ranged Weapons | 1 2 3 5 6 7 |  7.0
Short Blades   | |  1.1
Dodging        | |  2.1
Stealth        | |  2.6
Spellcasting   | |  2.1
Hexes          | |  3.2

Action                     |  1- 3 |  4- 6 |  7- 9 || total
---------------------------+-------+-------+-------++-------
  Melee: Dagger            |   105 |   172 |    14 ||   291
         Punch             |       |     2 |       ||     2
  Evoke: Wand              |       |     1 |       ||     1
    Use: Scroll            |       |     7 |     3 ||    10
         Potion            |       |     7 |       ||     7
   Stab: Sleeping          |     2 |     2 |       ||     4
 Armour: Robe              |    33 |     5 |       ||    38
         Scale mail        |       |   107 |     6 ||   113
  Dodge: Dodged            |    65 |   102 |     5 ||   172

Levels and vault maps discovered:
D:1:      saegor_arrival_simple_d, layout_loops_ring, kennysheep_small_spiral,
          item_on_display_a
D:2:      layout_rooms, serial_shops, nicolae_shop_getting_attention, shop,
          nicolae_shop_back_alley_shop, basic_altar,
          chequers_serial_rivers_micro_b
D:3:      layout_basic, lemuel_round_altar, mainiacjoe_overflow_brackets,
          minmay_unequal
D:4:      layout_rooms, minmay_temple_entry_enclosed_plants, due_unseen_surprise
D:5:      layout_basic, gammafunk_ghost_necromancy, cheibrodos_sewer_entry_drain
Temple:   nicolae_temple_no_exploring_needed

Table legend: (Time is in decaauts)
 A = Elapsed time spent in this place.
 B = Non-inter-level travel time spent in this place.
 C = Inter-level travel time spent in this place.
 D = Time resting spent in this place.
 E = Time spent auto-exploring this place.
 F = Levels seen in this place.
 G = Mean time per level.
                   A        B        C        D        E       F      G
               +--------+--------+--------+--------+--------+-----+--------+
         Total |   3936 |   3605 |    331 |      0 |   2769 |   7 |  562.3 |
       Dungeon |   3667 |   3343 |    324 |      0 |   2596 |   5 |  733.4 |
        Temple |     17 |     10 |      7 |      0 |      0 |   1 |   17.0 |
         Sewer |    251 |    251 |      0 |      0 |    173 |   1 |  251.0 |
               +--------+--------+--------+--------+--------+-----+--------+

Top non-repeatable levels by time:
     D:1: 1087 daAuts
     D:3: 906 daAuts
     D:4: 800 daAuts
     D:2: 736 daAuts
   Sewer: 251 daAuts
     D:5: 136 daAuts
  Temple: 17 daAuts

Table legend:
 A = Kills in this place as a percentage of kills in the entire game.
 B = Kills by you in this place as a percentage of kills by you in the entire game.
 C = Kills by friends in this place as a percentage of kills by friends in the entire game.
 D = Other kills in this place as a percentage of other kills in the entire game.
 E = Experience gained in this place as a percentage of experience gained in the entire game.
 F = Experience gained in this place divided by the number of levels of this place that you have seen.
                   A       B       C       D       E      F
               +-------+-------+-------+-------+-------+----------------------
         Total | 100.0 | 100.0 |   N/A |   N/A | 100.0 |  95.1
       Dungeon |  86.3 |  86.3 |   N/A |   N/A |  66.7 |  88.8
         Sewer |  13.7 |  13.7 |   N/A |   N/A |  33.3 | 222.0
               +-------+-------+-------+-------+-------+----------------------
